 Dungeon Crawl Stone Soup version 0.30-a0-292-g0f741e3f8e (webtiles) character file.

Game seed: 2035852017573147822

347 hikkokomori the Trooper (level 6, 0/41 HPs)
             Began as a Gargoyle Berserker on Oct 17, 2022.
             Was a Believer of Trog.
             Slain by a gnoll sergeant
             ... wielding a +1 spear of flaming
              (2 damage)
             ... on level 7 of the Dungeon.
             The game lasted 00:03:13 (2617 turns).

hikkokomori the Trooper (Gargoyle Berserker)        Turns: 2617, Time: 00:03:14

Health: 0/41       AC:  6    Str: 20    XL:     6   Next: 59%
Magic:  6/6        EV: 12    Int:  8    God:    Trog [**....]
Gold:   154        SH:  0    Dex: 11    Spells: 5/5 levels left

rFire   . . .      SeeInvis .    a - +0 hand axe
rCold   . . .      Faith    +    (no shield)
rNeg    + . .      Spirit   .    b - +0 animal skin
rPois   ∞          Reflect  .    (no helmet)
rElec   +          Harm     .    (no cloak)
rCorr   .          Rampage  .    (no gloves)
Will    .....                    (no boots)
Stlth   +.........               u - amulet of faith
HPRegen 0.26/turn                (no ring)
MPRegen 0.10/turn                (no ring)

@: on berserk cooldown, slowed, very slow
A: sickness immunity, AC +4, negative energy resistance 1, electricity
resistance, torment resistance 1, petrification resistance
a: Renounce Religion, Berserk, Trog's Hand


You were on level 7 of the Dungeon.
You worshipped Trog.
Trog was pleased with you.
You visited 1 branch of the dungeon, and saw 5 of its levels.

You collected 154 gold pieces.

Inventory:

Hand Weapons
 a - a +0 hand axe (weapon)
Missiles
 l - 2 throwing nets (quivered)
 q - 2 javelins
Armour
 b - a +0 animal skin (worn)
Jewellery
 u - an amulet of faith (around neck)
Wands
 j - a wand of polymorph (8)
Scrolls
 c - 2 scrolls of poison {unknown}
 d - a scroll of silence {unknown}
 e - a scroll of vulnerability {unknown}
 g - 3 scrolls of identify {unknown}
 i - a scroll of enchant armour {unknown}
 m - a scroll of magic mapping {unknown}
 s - a scroll of teleportation {unknown}
Potions
 f - a potion of ambrosia {unknown}
 h - a potion of haste {unknown}
 k - a potion of lignification {unknown}
 n - a potion of invisibility {unknown}
 o - a potion of mutation {unknown}
 p - a potion of resistance {unknown}
 r - a potion of magic {unknown}
 t - 2 potions of flight {unknown}


   Skills:
 * Level 5.7 Fighting
 * Level 4.7 Axes
 + Level 1.7 Throwing
 - Level 2.1 Armour
 - Level 1.5 Dodging


You had 5 spell levels left.
You didn't know any spells.
Your spell library was empty.

Dungeon Overview and Level Annotations

Branches:
Dungeon (4/15)
 Temple: D:4-7

Altars:
Ashenzari
Makhleb
Zin


Innate Abilities, Weirdness & Mutations

You are immune to sickness and miasma.
Your stone body is resilient. (AC +4)
You are immune to poison.
You resist negative energy. (rN+)
You are resistant to electric shocks. (rElec)
You are resistant to unholy torment.
You are immune to petrification.


Message History

You slash the gnoll!
You kill the gnoll!
Trog accepts your kill.
You slash the gnoll!
You kill the gnoll!
Trog accepts your kill.
You completely miss the gnoll. You hit the gnoll.
You kill the gnoll!
Trog accepts your kill. The gnoll misses you. The gnoll closely misses you.
The gnoll hits you with a +0 halberd! The gnoll barely misses you.
The gnoll sergeant misses you.
Things that are here:
a +0 spear; a gnoll corpse You slash the gnoll!
The gnoll is almost dead.
You slash the gnoll!
The gnoll throws a stone.
The stone hits you but does no damage.
Unknown command.
You hit the gnoll.
You kill the gnoll!
Trog accepts your kill.
You barely miss the gnoll. The gnoll hits you but does no damage.
The gnoll sergeant hits you from afar with a +1 spear of flaming!
The gnoll sergeant burns you.
* * * LOW HITPOINT WARNING * * *
You hit the gnoll.
You kill the gnoll!
Trog accepts your kill.
You slash the gnoll!
You kill the gnoll!
Trog accepts your kill.
Unknown command.
You are no longer berserk.
You are exhausted.
You feel yourself slow down.
The gnoll sergeant hits you with a +1 spear of flaming!
* * * LOW HITPOINT WARNING * * *
The gnoll sergeant burns you.
You die...

# #. .# #.. ##.# #..#
#..# ##...# ##..#
#.....########...#
#..g@..).....>.##
##..))).........#####
#....)..............
#.....#####)........
#....... ##)).....#
#..##..... #......##
+.# ###.... #.....##
## ##.... #.....#
#...###....#


You could see a gnoll sergeant.

Vanquished Creatures
  A scorpion (D:3)
  2 orc priests (D:3)
  A gnoll bouda (D:7)
  An orc wizard (D:3)
  8 gnolls (D:7)
  2 adders
  4 dart slugs
  2 orcs (D:3)
  5 endoplasms
  A giant cockroach (D:3)
  A goblin (D:2)
  5 hobgoblins
  8 jackals (D:1)
  8 kobolds
  6 quokkas
  7 ball pythons
  5 bats
  2 frilled lizards
  8 rats
77 creatures vanquished.

Vanquished Creatures (others)
  A fungus (D:3)
  3 plants (D:3)
4 creatures vanquished.

Grand Total: 81 creatures vanquished

Notes
Turn   | Place    | Note
-------+----------+-------------------------------------------
     0 | D:1      | hikkokomori the Gargoyle Berserker began the quest for the
                  | Orb.
     0 | D:1      | Reached XP level 1. HP: 14/14 MP: 1/1
   229 | D:1      | Reached XP level 2. HP: 5/20 MP: 2/2
   369 | D:1      | Reached XP level 3. HP: 20/24 MP: 3/3
   473 | D:1      | Reached skill level 4 in Fighting
  1202 | D:2      | Reached ** piety under Trog
  1332 | D:2      | Reached XP level 4. HP: 30/30 MP: 4/4
  1726 | D:3      | Found a burning altar of Makhleb.
  1904 | D:3      | Noticed a scorpion
  1912 | D:3      | Reached XP level 5. HP: 34/34 MP: 5/5
  1913 | D:3      | Reached skill level 5 in Fighting
  1913 | D:3      | Reached skill level 1 in Throwing
  2017 | D:3      | Reached XP level 6. HP: 40/40 MP: 6/6
  2025 | D:3      | Found a glowing silver altar of Zin.
  2463 | D:3      | Found a faded altar of an unknown god.
  2488 | D:4      | You fall into a shaft and drop 3 floors!
  2510 | D:7      | Found a broken altar of Ashenzari.
  2617 | D:7      | HP: 2/41 [gnoll sergeant/+1 spear of flaming (10)]
  2617 | D:7      | Slain by a gnoll sergeant

Illustrated notes

Levels and vault maps discovered:
D:1:      amcnicky_arrival_single_pillar, layout_loops_ring,
          nicolae_concentric_dashed_squares_mild
D:2:      layout_loops_ring, serial_rivers, chequers_serial_rivers_micro_d,
          chequers_serial_rivers_small_b, chequers_serial_rivers_room_b,
          chequers_serial_rivers_micro_c, chequers_serial_rivers_room_b,
          chequers_serial_rivers_micro_e, minmay_misc_feat_columns,
          minmay_pentomino_w2
D:3:      layout_basic, marbit_many_paths, mainiacjoe_overflow_tiny_flanked,
          dreamdust_ecumenical_altar_hidden_monk_grotto
D:4:      layout_basic, serial_shops, shop, shop, minmay_quantized,
          uniq_sigmund, uniq_robin
D:7:      layout_layer_cave, cheibrodos_ashenzari_chains,
          minmay_temple_entry_hall, biasface_ghost_orc_armoury, st_stairs_14,
          hangedman_decor_push

Skill      XL: |  1  2  3  4  5 |
---------------+----------------+-----
Axes           | 3 4 |  4.7
Fighting       | 4 5 |  5.7
Throwing       | 1 |  1.7
Armour         | |  2.1
Dodging        | |  1.5

Action                   |  1- 3 |  4- 6 || total
-------------------------+-------+-------++-------
Melee: Hand axe          |   123 |    73 ||   196
       Punch             |     1 |     1 ||     2
Invok: Berserk           |     3 |     3 ||     6
 Stab: Sleeping          |     1 |     2 ||     3
Armor: Animal skin       |    55 |    19 ||    74
Dodge: Dodged            |    95 |    54 ||   149

Table legend: (Time is in decaauts)
 A = Elapsed time spent in this place.
 B = Non-inter-level travel time spent in this place.
 C = Inter-level travel time spent in this place.
 D = Time resting spent in this place.
 E = Time spent auto-exploring this place.
 F = Levels seen in this place.
 G = Mean time per level.
                   A        B        C        D        E       F      G
               +--------+--------+--------+--------+--------+-----+--------+
         Total |   2686 |   2587 |     99 |     84 |   2062 |   5 |  537.2 |
       Dungeon |   2686 |   2587 |     99 |     84 |   2062 |   5 |  537.2 |
               +--------+--------+--------+--------+--------+-----+--------+

Top non-repeatable levels by time:
     D:1: 1026 daAuts
     D:3: 776 daAuts
     D:2: 750 daAuts
     D:7: 130 daAuts
     D:4: 1 daAuts
